 Dungeon Crawl Stone Soup version 0.26-a0-812-g31a745ddcd (webtiles) character file.

Game seed: 5763361858690837530

44 night the Chopper (level 3, 0/23 HPs)
             Began as a Gargoyle Gladiator on Nov 26, 2020.
             Was an Initiate of Dithmenos.
             Slain by a gnoll
             ... wielding a +0 halberd
              (3 damage)
             ... on level 2 of the Dungeon.
             The game lasted 00:01:46 (944 turns).

night the Chopper (Gargoyle Gladiator)               Turns: 944, Time: 00:01:47

Health: 0/23       AC: 14    Str: 17    XL:     3   Next: 62%
Magic:  3/3        EV:  5    Int:  9    God:    Dithmenos [......]
Gold:   52         SH:  0    Dex: 11    Spells: 2/2 levels left

rFire    . . .     SeeInvis .   a - +0 war axe
rCold    . . .     Faith    .   (no shield)
rNeg     + + .     Spirit   .   j - +0 plate armour
rPois    ∞         Reflect  .   c - +0 helmet
rElec    +         Harm     .   (no cloak)
rCorr    .         Rampage  .   (no gloves)
MR       .....     Rnd*Tele +   (no boots)
Stlth    ..........             (no amulet)
HPRegen  0.07/turn              g - ring of teleportation (curse)
MPRegen  0.08/turn              l - ring of positive energy

@: no status effects
A: negative energy resistance 1, electricity resistance, unbreathing,
petrification resistance, rot immunity, AC +3
a: Renounce Religion


You were on level 2 of the Dungeon.
You worshipped Dithmenos.
Dithmenos was noncommittal.
You visited 1 branch of the dungeon, and saw 2 of its levels.

You collected 52 gold pieces.

Inventory:

Hand Weapons
 a - a +0 war axe (weapon)
Missiles
 d - 3 throwing nets (quivered)
Armour
 b - a +0 leather armour
 c - a +0 helmet (worn)
 j - a +0 plate armour (worn)
Jewellery
 g - a cursed ring of teleportation (left hand)
 l - a ring of positive energy (right hand)
Scrolls
 h - a scroll of identify {unknown}
Potions
 e - a potion of resistance {unknown}
 f - a potion of curing {unknown}
 i - a potion of degeneration {unknown}
 k - a potion of mutation {unknown}


   Skills:
 + Level 3.0 Fighting
 + Level 3.2 Axes
 - Level 2.1 Throwing
 - Level 2.6 Dodging


You had 2 spell levels left.
You didn't know any spells.
Your spell library was empty.

Dungeon Overview and Level Annotations

Branches:
Dungeon (2/15)

Altars:
Dithmenos


Innate Abilities, Weirdness & Mutations

You are resistant to torment.
Your stone body is resilient. (AC +3)
You are immune to poison.
You resist negative energy. (rN+)
You are resistant to electric shocks. (rElec)
You can survive without breathing.
You are immune to petrification.
You are immune to rotting.


Message History

Okay, then.
l - a ring of positive energy (right hand)
You aren't carrying any items that you can evoke.
The gnoll hits you but does no damage. The gnoll hits you but does no damage.
A frilled lizard comes into view.
You open the door. The gnoll hits you but does no damage.
There is an open door here.
You closely miss the kobold. The kobold hits you but does no damage.
You closely miss the kobold.
The gnoll hits you from afar with a +0 halberd.
* * * LOW HITPOINT WARNING * * *
The kobold hits you but does no damage.
You hit the kobold but do no damage. The gnoll completely misses you.
The kobold hits you but does no damage.
You hit the kobold.
The kobold is heavily wounded.
The kobold hits you but does no damage.
The gnoll hits you from afar with a +0 halberd.
You die...

§....#
#.#
....##
#.#
....#
#.#
....#
#.#
#####
#.#
#g#
#g#
#K#
#@#
#.#
#.#
#..
###


You could see 2 gnolls and a kobold.

Vanquished Creatures
  A gnoll (D:2)
  2 oozes
  A worm (D:2)
  A dart slug (D:1)
  2 bats (D:1)
  A giant cockroach (D:1)
  4 goblins
  3 hobgoblins
  2 frilled lizards (D:1)
  4 kobolds (D:1)
  A rat (D:2)
22 creatures vanquished.

Notes
Turn   | Place    | Note
-------+----------+-------------------------------------------
     0 | D:1      | night the Gargoyle Gladiator began the quest for the Orb.
     0 | D:1      | Reached XP level 1. HP: 12/12 MP: 1/1
   264 | D:1      | Reached XP level 2. HP: 15/18 MP: 2/2
   407 | D:1      | Reached skill level 2 in Throwing
   670 | D:1      | Reached XP level 3. HP: 16/22 MP: 3/3
   863 | D:2      | Found a shadowy altar of Dithmenos.
   869 | D:2      | Became a worshipper of Dithmenos the Shadowed
   942 | D:2      | HP: 3/23 [gnoll/+0 halberd (5)]
   944 | D:2      | Slain by a gnoll

Illustrated notes

Levels and vault maps discovered:
D:1:      dpeg_arrival_round_c, layout_basic
D:2:      cheibrodos_fertilizer, layout_basic, grunt_dithmenos_smoke,
          roderic_lattice_a, minmay_tiny_reverse_x

Skill      XL: |  1  2  3 |
---------------+----------+-----
Throwing       | 2 |  2.1
Axes           | 3 |  3.2
Fighting       | 3 |  3.0
Dodging        | |  2.6

Action                   || total
-------------------------++-------
Melee: War axe           ||    79
Armor: Leather armour    ||    13
       Plate armour      ||    57
Dodge: Dodged            ||    37

Table legend: (Time is in decaauts)
 A = Elapsed time spent in this place.
 B = Non-inter-level travel time spent in this place.
 C = Inter-level travel time spent in this place.
 D = Time resting spent in this place.
 E = Time spent auto-exploring this place.
 F = Levels seen in this place.
 G = Mean time per level.
                   A        B        C        D        E       F      G
               +--------+--------+--------+--------+--------+-----+--------+
         Total |    970 |    947 |     23 |      9 |    708 |   2 |  485.0 |
       Dungeon |    970 |    947 |     23 |      9 |    708 |   2 |  485.0 |
               +--------+--------+--------+--------+--------+-----+--------+

Top non-repeatable levels by time:
     D:1: 883 daAuts
     D:2: 86 daAuts
